 Dungeon Crawl Stone Soup version 0.26.0-7-g794d0892b4 (webtiles) character file.

Game seed: 9196863979255143646

14350 Delamore the Basher (level 12, -2/80 HPs)
             Began as a Gargoyle Fighter on Jan 11, 2021.
             Was the Champion of Okawaru.
             Slain by a swamp worm (10 damage)
             ... on level 3 of the Lair of Beasts.
             The game lasted 00:10:55 (12450 turns).

Delamore the Basher (Gargoyle Fighter)             Turns: 12450, Time: 00:10:55

Health: -2/80      AC: 25    Str: 24    XL:     12   Next: 15%
Magic:  24/24      EV:  8    Int: 10    God:    Okawaru [******]
Gold:   662        SH:  4    Dex:  9    Spells: 11/11 levels left

rFire    . . .     SeeInvis .   I - +2 mace (freeze)
rCold    . . .     Faith    .   M - +0 buckler (curse)
rNeg     + . .     Spirit   .   O - +1 chain mail {Will+}
rPois    ∞         Reflect  .   (no helmet)
rElec    +         Harm     .   (no cloak)
rCorr    .         Rampage  .   o - +1 pair of gloves
Will     +....                  (no boots)
Stlth    ..........             (no amulet)
HPRegen  0.23/turn              G - +4 ring of protection
MPRegen  0.19/turn              a - ring of magical power

@: brilliant, flying
A: negative energy resistance 1, electricity resistance, unbreathing,
petrification resistance, miasma immunity, AC +8
a: Renounce Religion, Heroism, Finesse


You were on level 3 of the Lair of Beasts.
You worshipped Okawaru.
Okawaru was exalted by your worship.
You visited 2 branches of the dungeon, and saw 12 of its levels.
You also visited: Sewer.

You collected 695 gold pieces.
You spent 33 gold pieces at shops.

Inventory:

Hand Weapons
 I - a +2 mace of freezing (weapon)
Missiles
 j - 7 curare-tipped darts (quivered)
 L - 10 javelins
 U - 4 atropa-tipped darts
Armour
 c - a +0 kite shield
 o - a +1 pair of gloves (worn)
 M - a cursed +0 buckler (worn)
 O - a +1 chain mail of willpower (worn)
Jewellery
 a - a ring of magical power (right hand)
 f - an uncursed ring of ice
 v - an uncursed ring of ice
 G - a +4 ring of protection (left hand)
Wands
 i - a wand of polymorph (7)
 m - a wand of digging (6)
 x - a wand of acid (19)
 P - a wand of random effects (15)
 Q - a wand of iceblast (9)
 R - a wand of flame (14)
Scrolls
 b - a scroll of magic mapping
 g - 2 scrolls of immolation
 k - 4 scrolls of fog
 l - 6 scrolls of remove curse
 y - a scroll of amnesia
 A - 7 scrolls of teleportation
 D - 2 scrolls of summoning {unknown}
 E - 2 scrolls of fear {unknown}
 F - 2 scrolls of enchant armour {unknown}
 H - 2 scrolls of enchant weapon
 J - a scroll of noise
 K - a scroll of vulnerability
 N - a scroll of torment
 S - 2 scrolls of identify
 T - a scroll of brand weapon {unknown}
Potions
 d - 3 potions of might
 e - 3 potions of resistance
 h - 6 potions of haste
 n - 2 potions of cancellation
 p - 2 potions of mutation {unknown}
 q - 2 potions of curing
 r - 2 potions of magic {unknown}
 s - 2 potions of attraction {unknown}
 t - 2 potions of degeneration {unknown}
 u - 5 potions of brilliance
 w - 3 potions of lignification {unknown}
 z - 2 potions of berserk rage {unknown}
 B - 4 potions of flight
 C - 4 potions of heal wounds {unknown}


   Skills:
 + Level 11.5 Fighting
 - Level 14.0 Maces & Flails
 - Level 5.0 Throwing
 - Level 3.2 Armour
 - Level 5.0 Shields
 - Level 5.0 Invocations


You had 11 spell levels left.
You didn't know any spells.
Your spell library contained the following spells:

 Spells                   Type           Power        Failure   Level
 Animate Skeleton         Necr           0%           95%         1
 Apportation              Tloc           0%           95%         1
 Corona                   Hex            0%           95%         1
 Summon Small Mammal      Summ           0%           95%         1
 Poisonous Vapours        Pois/Air       0%           99%         2
 Conjure Flame            Conj/Fire      0%           100%        3
 Mephitic Cloud           Conj/Pois/Air  0%           100%        3
 Bolt of Magma            Conj/Fire/Erth 0%           100%        5
 Iskenderun's Battlesphe  Conj           0%           100%        5
 Freezing Cloud           Conj/Ice/Air   0%           100%        6
 Iron Shot                Conj/Erth      0%           100%        6
 Orb of Destruction       Conj           0%           100%        7
 Spellforged Servitor     Conj/Summ      0%           100%        7


Dungeon Overview and Level Annotations

Branches:
Dungeon (9/15)             Temple (0/1) D:5            Lair (3/6) D:9
  Swamp (0/4) Lair:3       Spider (0/4) Lair:2        Sewer (visited)
    Orc: D:9-12

Altars:
Ashenzari
Cheibriados
Makhleb
Nemelex Xobeh
Okawaru
Vehumet
Xom
Zin

Shops:
D:5 *


Innate Abilities, Weirdness & Mutations

You are resistant to torment.
Your stone body is resilient. (AC +8)
You are immune to poison.
You resist negative energy. (rN+)
You are resistant to electric shocks. (rElec)
You can survive without breathing.
You are immune to petrification.
You are immune to miasma.


Message History

The harpoon shot hits you.
* * * LOW HITPOINT WARNING * * *
You are yanked forward by the harpoon shot.
The swamp worm bites you!
* * * LOW HITPOINT WARNING * * *
The swamp worm fires a harpoon shot at you.
The harpoon shot misses you.
The harpoon shot hits the plant!
The plant begins to die.
Okay, then.
Okay, then.
Okay, then.
It was a potion of brilliance.
You feel clever all of a sudden.
The swamp worm bites you but does no damage.
It was a potion of flight.
You feel very buoyant.
You fly up into the air.
The swamp worm bites you.
* * * LOW HITPOINT WARNING * * *
You block the swamp worm's attack. The swamp worm bites you!
You die...

.............♣♣≈♣≈♣
..##.P.+###..♣♣§§≈♣♣ .
..##.#..# #..♣§§§≈≈♣ .#
..##.##.# #..♣§§§§≈♣ ..#
..###. .# #..♣♣§§§♣ ...#
..# . .. #...♣♣§♣♣....#
..# .[.###.....§.......
... #.. ##....ww#......
..#####.##.....w@#....?#
.##.P....#.....P# .##.#
...............##### .
....................
....................
.....................
.....................
.######†...#......... ..
##..P#...P....... ..


You could see 3 swamp worms.

Vanquished Creatures
  A two-headed ogre (D:8)
  The ghost of DocSulfur the Grappler, a novice DrTm of Makhleb (D:7)
  4 elephants (Lair:3)
  A black mamba (Lair:2)
  A cane toad (Lair:2)
  A rime drake (Lair:1)
  Maggie (D:9)
  4 komodo dragons
  2 trolls
  A polar bear (Lair:3)
  23 yaks
  A shadow (D:7)
  Menkaure (D:4)
  11 water moccasins
  2 orc warriors (D:7)
  An ice beast (D:7)
  A black bear (D:6)
  2 necrophages
  3 wolves (Lair:1)
  2 phantoms (D:7)
  2 centaurs
  An ogre (D:6)
  11 bullfrogs
  Blork the orc (D:4)
  8 scorpions
  12 killer bees (D:9)
  4 wights (D:7)
  A howler monkey (D:6)
  A centaur zombie (D:8)
  A hound (D:7)
  An orc priest (D:8)
  2 jellies
  3 orc wizards (D:8)
  A centaur skeleton (D:8)
  8 worker ants
  Terence (D:3)
  3 iguanas
  7 hell rats (Lair:3)
  A hound zombie (D:6)
  5 hound skeletons
  17 adders
  5 river rats (Sewer)
  4 shadow imps
  6 white imps
  2 ufetubi (D:7)
  An ooze (D:7)
  5 dart slugs
  4 worms (D:2)
  3 leopard geckos
  18 orcs
  6 ball pythons
  7 giant cockroaches
  10 hobgoblins
  10 jackals
  A quokka (D:2)
  A ball python zombie (D:6)
  3 bats
  8 frilled lizards
  6 goblins
  A jackal skeleton (D:6)
  26 kobolds
  A leopard gecko skeleton (D:8)
  A leopard gecko zombie (D:3)
  A quokka skeleton (D:5)
  33 rats
318 creatures vanquished.

Vanquished Creatures (others)
  4 fungi
  12 plants
16 creatures vanquished.

Grand Total: 334 creatures vanquished

Notes
Turn   | Place    | Note
-------+----------+-------------------------------------------
     0 | D:1      | Delamore the Gargoyle Fighter began the quest for the Orb.
     0 | D:1      | Reached XP level 1. HP: 14/14 MP: 1/1
    67 | D:1      | Reached XP level 2. HP: 17/19 MP: 2/2
   600 | D:1      | Reached XP level 3. HP: 23/24 MP: 3/3
  1173 | D:2      | Reached XP level 4. HP: 26/29 MP: 4/4
  1219 | D:2      | Reached skill level 3 in Maces & Flails
  1301 | D:2      | Noticed Terence
  1515 | D:3      | Killed Terence
  1516 | D:3      | Reached XP level 5. HP: 25/34 MP: 5/5
  2522 | D:4      | Reached XP level 6. HP: 35/40 MP: 6/6
  2524 | D:4      | Reached skill level 5 in Fighting
  2524 | D:4      | Reached skill level 5 in Shields
  2554 | D:4      | Noticed Blork the orc
  2560 | D:4      | Killed Blork the orc
  2561 | D:4      | Reached skill level 4 in Maces & Flails
  2650 | D:4      | Reached skill level 5 in Maces & Flails
  2985 | D:4      | Noticed Menkaure
  2996 | D:4      | Killed Menkaure
  2997 | D:4      | Reached XP level 7. HP: 32/44 MP: 7/7
  3089 | D:4      | Found a glowing silver altar of Zin.
  3090 | D:4      | Noticed an angel
  3182 | D:5      | Entered Level 5 of the Dungeon
  3183 | D:5      | Found Leyd's Serpentskin Sales.
  3190 | D:5      | Reached skill level 6 in Maces & Flails
  3206 | D:5      | Bought 4 curare-tipped darts for 33 gold pieces
  3210 | D:5      | Found an iron altar of Okawaru.
  3210 | D:5      | Found a radiant altar of Vehumet.
  3218 | D:5      | Became a worshipper of Warmaster Okawaru
  3374 | D:5      | Got a jewelled ring mail
  3385 | D:5      | Identified the +4 ring mail of Truth {rPois MP+9 Dex+4}
                  | (You found it on level 5 of the Dungeon)
  3472 | D:5      | Found a staircase to the Ecumenical Temple.
  3571 | D:5      | Reached skill level 7 in Maces & Flails
  3912 | D:6      | Reached XP level 8. HP: 36/49 MP: 8/8
  3941 | D:6      | Found a sparkling altar of Nemelex Xobeh.
  3982 | D:6      | Found a glowing drain.
  3993 | D:6      | Reached skill level 8 in Maces & Flails
  4006 | Sewer    | Entered a sewer
  4071 | Sewer    | Reached * piety under Okawaru
  4758 | D:6      | Noticed a troll
  4767 | D:6      | Killed a troll
  4768 | D:6      | Reached skill level 9 in Maces & Flails
  5191 | D:7      | Reached skill level 10 in Maces & Flails
  5191 | D:7      | Reached XP level 9. HP: 54/54 MP: 9/9
  5199 | D:7      | Reached ** piety under Okawaru
  5217 | D:7      | Found a runed translucent door.
  5218 | D:7      | Noticed DocSulfur's ghost (novice DrTm)
  5294 | D:7      | Killed DocSulfur's ghost
  5295 | D:7      | Reached skill level 11 in Maces & Flails
  5540 | D:7      | You fall into a shaft and drop 1 floor!
  5541 | D:8      | Noticed a two-headed ogre
  5677 | D:7      | Reached skill level 12 in Maces & Flails
  5695 | D:7      | Reached *** piety under Okawaru
  6132 | D:7      | Reached XP level 10. HP: 34/59 MP: 10/10
  6820 | D:8      | Killed a two-headed ogre
  6821 | D:8      | Reached skill level 13 in Maces & Flails
  7500 | D:8      | Found a burning altar of Makhleb.
  7508 | D:8      | Reached **** piety under Okawaru
  7831 | D:9      | Noticed Maggie
  7845 | D:9      | Killed Maggie
  7854 | D:9      | Reached skill level 14 in Maces & Flails
  7981 | D:9      | Reached skill level 1 in Invocations
  7987 | D:9      | Reached skill level 1 in Throwing
  8123 | D:9      | Reached ***** piety under Okawaru
  8165 | D:9      | Received a gift from Okawaru
  8166 | D:9      | Reached XP level 11. HP: 51/64 MP: 13/13
  8253 | D:9      | Found a shimmering altar of Xom.
  8406 | D:9      | Found a staircase to the Lair.
  8612 | D:9      | Found a burning altar of Makhleb.
  8615 | D:9      | Found a broken altar of Ashenzari.
  8616 | D:9      | Found a snail-covered altar of Cheibriados.
  8745 | Lair:1   | Entered Level 1 of the Lair of Beasts
  9426 | Lair:1   | Reached skill level 5 in Invocations
 10526 | Lair:2   | Reached skill level 5 in Throwing
 11122 | Lair:2   | Found a hole to the Spider Nest.
 11714 | Lair:3   | Reached ****** piety under Okawaru
 11714 | Lair:3   | Received a gift from Okawaru
 11813 | Lair:3   | Reached skill level 10 in Fighting
 12016 | Lair:3   | Received a gift from Okawaru
 12037 | Lair:3   | Reached XP level 12. HP: 48/79 MP: 15/15
 12437 | Lair:3   | Found a staircase to the Swamp.
 12450 | Lair:3   | Slain by a swamp worm

Illustrated notes

Levels and vault maps discovered:
D:1:      shiori_arrival_elements, layout_rooms, serial_co_window_serial,
          co_window_paths_a, co_window_corner_a, co_window_cross_1,
          co_window_corner_a, co_window_cross_1, co_window_paths_c,
          co_window_broadway_c, co_window_corner_cb, co_window_of_opportunity_c,
          co_window_paths_c, co_window_paths_e, glass_columns_b,
          glass_columns_a, glass_columns_a
D:2:      cheibrodos_old_hovel, layout_rooms, st_stairs_12, uniq_terence
D:3:      layout_rooms, minmay_fractal_squares_5
D:4:      layout_gridville, zin_angel, uniq_menkaure, uniq_blork_the_orc
D:5:      layout_rooms, chequers_temple_overflow_statue_of_worship,
          temple_statues, guppyfry_shop_venom
D:6:      layout_rooms, nemelex_altar_shiori, gup_sewer_entry_glass
D:7:      layout_gridville, gammafunk_ghost_grave
D:8:      layout_basic, hangedman_abyss_or_decor_passed,
          makhleb_blood_cavern_becter
D:9:      layout_rooms, minitemple, david_lair_shrubbed, serial_rivers,
          chequers_serial_rivers_micro_c, chequers_serial_rivers_small_b,
          chequers_serial_rivers_micro_a, chequers_serial_rivers_micro_e,
          chequers_serial_rivers_small_b, uniq_maggie
Lair:1:   layout_small_grid, serial_bayou_shore_a, grunt_megastairs_5,
          infiniplex_staircase_pool
Lair:2:   layout_regular_city, dummy_spider_entry
Lair:3:   layout_regular_city, minmay_swamp_entry_worms

Skill      XL: |  1  2  3  4  5  6  7  8  9 10 11 12 |
---------------+-------------------------------------+-----
Fighting       | 4 5 6 10 11 | 11.5
Shields        | 4 5 |  5.0
Maces & Flails | 3 5 7 10 12 14 | 14.0
Invocations    | 3 5 |  5.0
Throwing       | 2 5 |  5.0
Armour         | |  3.2

Action                   |  1- 3 |  4- 6 |  7- 9 | 10-12 || total
-------------------------+-------+-------+-------+-------++-------
Melee: Flail             |   183 |   137 |   282 |       ||   602
       Mace              |       |       |   123 |   684 ||   807
Throw: Dart              |       |     3 |     5 |    11 ||    19
Invok: Heroism           |       |       |       |     3 ||     3
  Use: Scroll            |       |       |     6 |     8 ||    14
       Potion            |       |       |       |     7 ||     7
Armor: Scale mail        |   143 |       |       |       ||   143
       Chain mail        |    23 |    88 |    14 |   234 ||   359
       Ring mail         |       |       |   247 |   126 ||   373
Dodge: Dodged            |   106 |    27 |   154 |   175 ||   462
Block: Kite shield       |   135 |    80 |   261 |   127 ||   603
       Buckler           |       |       |       |    74 ||    74
